 Dungeon Crawl Stone Soup version 0.15.0-27-gbdb0435 (webtiles) character file.

42137 Bloax the Covert (level 14, -35/68 HPs)
             Began as a Vine Stalker Assassin on Sept 10, 2014.
             Was a High Priest of Cheibriados.
             Killed from afar by an octopode crusher (45 damage)
             ... with an iron shot
             ... on Level 4 of the Shoals.
             The game lasted 00:44:10 (5734 turns).

Bloax the Covert (Vine Stalker Assassin)            Turns: 5734, Time: 00:44:11

HP -35/68        AC 23     Str 35      XL: 14   Next: 18%
MP   0/30        EV 24     Int 24      God: Cheibriados [*****.]
Gold 627         SH  0     Dex 35      Spells:  1 memorised, 22 levels left

rFire  . . .     SeeInvis .     c - +4 dagger (pain)
rCold  . . .     Clarity  +     I - +4 pearl dragon armour
rNeg   + + .     rCorr    .     (no shield)
rPois  .         rRot     +     (helmet restricted)
rElec  .         Spirit   +     d - +1 cloak
SustAb .         Warding  +     x - +2 pair of gloves
rMut   .         Stasis   .     (no boots)
Gourm  .                        M - amulet of warding
MR     +....                    n - +4 ring of dexterity
                                j - +2 ring of strength

@: mighty, very slow, somewhat resistant to hostile enchantments, quite stealthy
A: fangs 3, horns 1, yellow scales 1, clarity, clumsy 1, high mp 1, regeneration
3, magic shield, antimagic bite, no device heal 3, rot immunity
a: Bend Time, Temporal Distortion, Slouch, Step From Time, Renounce Religion


You were on level 4 of the Shoals.
You worshipped Cheibriados.
Cheibriados was extremely pleased with you.
You were not hungry.

You visited 4 branches of the dungeon, and saw 22 of its levels.
You also visited: Ossuary.

You collected 627 gold pieces.


Innate Abilities, Weirdness & Mutations

You have razor-sharp teeth.
You regenerate.
When hurt, damage is shared between your health and your magic reserves.
Your bite disrupts and absorbs the magic of your enemies.
Potions and wands cannot restore your health.
You are immune to rotting.
You have a pair of small horns on your head.
You are partially covered in yellow scales (AC +2).
You possess an exceptional clarity of mind.
You are clumsy. (Dex -2)
You have an increased reservoir of magic (+10% MP).


   Skills:
 - Level 5.1 Fighting
 - Level 10.0 Short Blades
 - Level 1.7 Throwing
 + Level 4.8 Armour
 + Level 11.1 Dodging
 - Level 13.4 Stealth
 - Level 5.5 Spellcasting
 - Level 9.1 Necromancy
 + Level 6.0 Invocations


You had 22 spell levels left.
You knew the following spells:

 Your Spells              Type           Power        Failure   Level  Hunger
a - Sublimation of Blood  Necr           ######....   1%          2    None


Dungeon Overview and Level Annotations

Branches:
Dungeon (9/15)             Temple (1/1) D:5             Orc (0/4) D:9
   Lair (8/8) D:9          Shoals (4/5) Lair:6        Snake (0/5) Lair:3
  Slime (0/6) Lair:6

Altars:
Ashenzari
Cheibriados
Dithmenos
Elyvilon
Fedhas
Kikubaaqudgha
Makhleb
Nemelex Xobeh
Okawaru
Sif Muna
Trog
Vehumet
Xom
Yredelemnul
The Shining One
Jiyva

Shops:
D:6 =   Shoals:3 !

Annotations:
D:3 Zverius' ghost, weakling TrBe
Shoals:3 Mara
Shoals:4 Polyphemus

Inventory:

Hand weapons
 b - a +0 blowgun
 c - a +4 dagger of pain (weapon)
   (You took it off an orc wizard on level 3 of the Dungeon)
 t - a +3 cutlass of flaming
   (You took it off a merfolk aquamancer on level 2 of the Shoals)
 A - a +1 demon whip of electrocution
   (You found it on level 8 of the Lair of Beasts)
Missiles
 e - 6 poisoned needles
 f - 2 curare-tipped needles
 s - 3 throwing nets (quivered)
Armour
 d - a +1 cloak (worn)
 m - a +3 leather armour of cold resistance
   (You found it on level 2 of the Dungeon)
 x - a +2 pair of gloves (worn)
   (You found it on level 7 of the Dungeon)
 I - a +4 pearl dragon armour (worn)
   (You found it on level 5 of the Lair of Beasts)
Magical devices
 o - a wand of frost (11)
   (You found it on level 5 of the Dungeon)
 r - a wand of enslavement (8) {enslave/fireball}
   (You took it off Sigmund on level 7 of the Dungeon)
 F - a wand of lightning (7)
   (You found it on level 2 of the Lair of Beasts)
Comestibles
 g - 9 bread rations
 l - 6 meat rations
 u - 2 fruits
Scrolls
 w - a scroll of amnesia
 y - 2 scrolls of recharging
 C - a scroll of fog
 E - 4 scrolls of magic mapping
 G - 2 scrolls of remove curse
Jewellery
 a - an uncursed ring of see invisible
   (You found it on level 5 of the Dungeon)
 j - a +2 ring of strength (left hand)
   (You found it on level 3 of the Dungeon)
 k - an uncursed ring of flight
   (You found it on level 1 of the Shoals)
 n - a +4 ring of dexterity (right hand)
   (You found it on level 5 of the Dungeon)
 q - an uncursed ring of ice
   (You found it on level 5 of the Dungeon)
 M - an amulet of warding (around neck)
   (You found it on level 5 of the Lair of Beasts)
Potions
 h - 4 potions of curing
 p - a potion of brilliance
 v - 2 potions of cure mutation
 N - a potion of cancellation {unknown}
Books
 B - a book of Alchemy
   (You found it on level 4 of the Lair of Beasts)

   Spells                             Type                      Level
   *Sublimation of Blood              Necromancy                   2
   Alistair's Intoxication            Transmutation/Poison         4
   Condensation Shield                Ice                          4
   Petrify                            Transmutation/Earth          4
   Ignite Poison                      Fire/Transmutation           5
 L - a book of Death
   (You found it on level 5 of the Lair of Beasts)

   Spells                             Type                      Level
   Corpse Rot                         Necromancy                   2
   *Sublimation of Blood              Necromancy                   2
   Agony                              Necromancy                   5
   Dispel Undead                      Necromancy                   5
   Excruciating Wounds                Charms/Necromancy            5
   Bolt of Draining                   Conjuration/Necromancy       5

## ##8##
##...##
#.....#
#.....#
+.....+
+..)..+
#.@...#
#...x.#
##...##
##8## ##
## #...
.....
#...S.#
..#
+##.)....#


You could see an octopode crusher.


Message History

* * * LOW HITPOINT WARNING * * *
The octopode crusher constricts you.
The merfolk impaler hits you from afar with a glowing demon trident.
The octopode crusher tentacle-slaps you but does no damage.
The octopode crusher constricts you.
You turn to flesh and can move again.
Unknown command.
Use which ability? (? or * to list)
The flow of time bends around you.
The octopode crusher resists.
You feel slightly more hungry.
The merfolk impaler hits you but does no damage.
The octopode crusher tentacle-slaps you!
* * * LOW HITPOINT WARNING * * *
x2 The octopode crusher constricts you!
The merfolk impaler completely misses you.
Unknown command.
The octopode crusher blocks your attack.
Unknown command.
Use which ability? (? or * to list)
You warp the flow of time around you!
You feel somewhat more hungry.
Unknown command.
You hit the merfolk impaler.
The merfolk impaler writhes in agony.
You bite the merfolk impaler. You drain its power.
You feel invigorated.
The merfolk impaler is lightly wounded.
You puncture the merfolk impaler!
The merfolk impaler writhes in agony.
You headbutt the merfolk impaler. You bite the merfolk impaler.
You drain its power.
You feel invigorated.
The merfolk impaler is moderately wounded.
Unknown command.
You hit the merfolk impaler.
The merfolk impaler writhes in agony.
The merfolk impaler is heavily wounded.
The merfolk impaler hits you but does no damage.
Unknown command.
Unknown command.
You hit the merfolk impaler.
The merfolk impaler writhes in agony.
You bite the merfolk impaler. You drain its power.
You feel invigorated.
The merfolk impaler is severely wounded.
The merfolk impaler completely misses you.
The octopode crusher tentacle-slaps you but does no damage.
The octopode crusher grabs you.
* * * LOW HITPOINT WARNING * * *
The octopode crusher constricts you!
Unknown command.
You hit the merfolk impaler.
The merfolk impaler writhes in agony.
The merfolk impaler is severely wounded.
The merfolk impaler closely misses you.
Unknown command.
Unknown command.
You hit the merfolk impaler.
The merfolk impaler writhes in agony.
You headbutt the merfolk impaler!
You bite the merfolk impaler, but do no damage.
The merfolk impaler is almost dead.
The octopode crusher tentacle-slaps you but does no damage.
* * * LOW HITPOINT WARNING * * *
The octopode crusher constricts you!
Unknown command.
You hit the merfolk impaler.
The merfolk impaler writhes in agony.
You kill the merfolk impaler!
Cheibriados thoroughly appreciates the change of pace.
Your Invocations skill increases to level 6!
Unknown command.
Unknown command.
Use which ability? (? or * to list)
You warp the flow of time around you!
You feel somewhat more hungry.
Drink which item? (? for menu, Esc to quit)
You feel very mighty all of a sudden.
The octopode crusher stares at you and mumbles some strange words.
The iron shot hits you!
Ouch! That really hurt!
You die...

Action                   |  1- 3 |  4- 6 |  7- 9 | 10-12 | 13-15 || total
-------------------------+-------+-------+-------+-------+-------++-------
Melee: Dagger            |    38 |   126 |   311 |   602 |   227 ||  1304
 Fire: Blowgun           |     4 |       |       |       |       ||     4
Invok: Temporal Distorti |       |       |       |       |     8 ||     8
       Slouch            |       |       |       |       |     1 ||     1
       Bend Time         |       |       |       |       |     3 ||     3
 Abil: Evoke Flight      |       |       |       |       |     2 ||     2
Evoke: Wand              |       |       |     2 |     7 |     2 ||    11
  Use: Scroll            |       |     5 |     7 |    14 |     9 ||    35
       Potion            |       |     3 |     3 |     2 |     1 ||     9
 Stab: Sleeping          |     1 |     2 |    29 |    34 |     4 ||    70
       Distracted        |       |       |     1 |       |       ||     1
       Fleeing           |       |       |       |     1 |       ||     1
       Petrified         |       |       |       |       |     2 ||     2
       Betrayed ally     |       |       |       |       |     1 ||     1
  Eat: Bread ration      |       |     1 |       |     1 |       ||     2
       Meat ration       |       |       |     2 |       |       ||     2
       Beef jerky        |       |       |     1 |       |       ||     1

Vault maps used:
D:1:      onia_arrival_mini_maze_b, grunt_decor_fettered,
          minmay_misc_feat_tower, minmay_misc_feat_square
D:3:      serial_glass, glass_columns_a, glass_columns_b, roderic_roman_lattice,
          hangedman_feature_mirror
D:4:      nemelex_dance_club_becter, uniq_menkaure
D:5:      minmay_temple_entry_trees, first_bread, uniq_blork_the_orc
D:6:      serial_shops, nicolae_shop_crystal, uniq_pikel
D:7:      nicolae_ossuary_entry_plus, the_bakery, uniq_sigmund
D:9:      orc_0_dummy, dpeg_oklobed_lair, minmay_strange_pillars, minivault_22,
          cheibrodos_ashenzari_chains
Temple:   kilobyte_greek_temple_18
Lair:2:   guppyfry_lair_drakes, grunt_megastairs_2
Lair:3:   guppyfry_snake_entry_island, grunt_forest_large_clearings,
          lemuel_fruit_tree, uniq_harold
Lair:4:   grunt_forest_large_clearing_hut
Lair:5:   infiniplex_staircase_pool_2
Lair:6:   minmay_shoals_entry_hut, slime_altar_1, lab_entry_generic,
          fungi_pond_lemuel, serial_bayou_ford_a
Lair:7:   kennysheep_rathole
Lair:8:   grunt_lair_end_beastmaster, lemuel_centaur_altar
Shoals:1: nicolae_shoals_dead_sea_scrolls
Shoals:2: lemuel_oklob_altar
Shoals:3: serial_shops, nicolae_shop_waterfront, st_cyclops, uniq_aizul,
          uniq_mara, uniq_rupert
Shoals:4: cheibrodos_shoals_oceanic_diplomacy, uniq_polyphemus
Ossuary:  ossuary_zaba_two_paths

Notes
Turn   | Place    | Note
--------------------------------------------------------------
     0 | D:1      | Bloax, the Vine Stalker Assassin, began the quest for the Orb.
     0 | D:1      | Reached XP level 1. HP: 11/11 MP: 1/1
    92 | D:1      | Reached skill level 2 in Short Blades
   187 | D:2      | Reached skill level 1 in Spellcasting
   187 | D:2      | Reached XP level 2. HP: 15/15 MP: 2/4
   333 | D:3      | Reached XP level 3. HP: 18/18 MP: 6/6
   350 | D:3      | Reached skill level 2 in Spellcasting
   365 | D:3      | Reached XP level 4. HP: 23/23 MP: 9/9
   405 | D:3      | Noticed Zverius' ghost (weakling TrBe)
   523 | D:4      | Noticed Menkaure
   526 | D:4      | Gained mutation: You are clumsy. (Dex -2) [potion of mutation]
   526 | D:4      | Gained mutation: You have a pair of small horns on your head. [potion of mutation]
   531 | D:4      | Killed Menkaure
   531 | D:4      | Reached skill level 3 in Short Blades
   531 | D:4      | Reached skill level 3 in Spellcasting
   531 | D:4      | Reached XP level 5. HP: 11/26 MP: 10/13
   676 | D:5      | Entered Level 5 of the Dungeon
   714 | D:5      | Gained mutation: You have an increased reservoir of magic (+10% MP). [potion of mutation]
   714 | D:5      | Gained mutation: You are partially covered in yellow scales (AC +2). [potion of mutation]
   714 | D:5      | Gained mutation: You have razor-sharp teeth. [potion of mutation]
   733 | D:5      | Noticed SaintRoka's ghost (experienced HOHe)
   741 | D:5      | Reached skill level 5 in Stealth
   741 | D:5      | Reached skill level 4 in Spellcasting
   741 | D:5      | Gained mutation: You heal very quickly. [vine stalker growth]
   741 | D:5      | Reached XP level 6. HP: 26/30 MP: 15/18
   977 | D:5      | Reached skill level 6 in Stealth
  1069 | D:6      | Noticed Pikel
  1073 | D:6      | Noticed Zverius' ghost (average HOFi)
  1106 | D:6      | Killed Zverius' ghost
  1106 | D:6      | Reached skill level 4 in Short Blades
  1106 | D:6      | Reached skill level 7 in Stealth
  1106 | D:6      | Reached XP level 7. HP: 34/34 MP: 18/20
  1129 | D:6      | Reached skill level 5 in Spellcasting
  1147 | D:6      | Found Ghayxir's Jewellery Emporium.
  1286 | D:7      | Noticed Sigmund
  1307 | D:7      | Killed Sigmund
  1336 | D:7      | Mutation became permanent: You have razor-sharp teeth. [vine stalker growth]
  1336 | D:7      | Reached XP level 8. HP: 38/38 MP: 24/24
  1356 | D:7      | Reached skill level 8 in Stealth
  1400 | D:7      | Reached skill level 1 in Dodging
  1479 | D:7      | Noticed a hungry ghost
  1484 | D:7      | Killed a hungry ghost
  1556 | D:7      | Reached skill level 5 in Short Blades
  1556 | D:7      | Reached skill level 2 in Dodging
  1572 | D:7      | Found a sand-covered staircase.
  1576 | Ossuary  | Entered an ossuary
  1832 | D:7      | Reached skill level 9 in Stealth
  1895 | D:7      | Noticed a spriggan baker
  1896 | D:7      | Killed a spriggan baker
  1950 | D:6      | Killed Pikel
  1950 | D:6      | Reached skill level 3 in Dodging
  1950 | D:6      | Reached XP level 9. HP: 33/42 MP: 19/25
  2142 | D:4      | Noticed an ogre
  2147 | D:4      | Killed an ogre
  2184 | D:4      | Reached skill level 6 in Short Blades
  2199 | D:4      | Reached skill level 10 in Stealth
  2378 | D:4      | Found a sparkling altar of Nemelex Xobeh.
  2495 | D:5      | Killed SaintRoka's ghost
  2495 | D:5      | Reached skill level 4 in Dodging
  2509 | D:5      | Found a staircase to the Ecumenical Temple.
  2511 | D:5      | Noticed Blork the orc
  2520 | D:5      | Killed Blork the orc
  2529 | Temple   | Entered the Ecumenical Temple
  2563 | Temple   | Became a worshipper of Cheibriados the Contemplative
  2936 | D:9      | Reached skill level 7 in Short Blades
  2936 | D:9      | Reached skill level 5 in Dodging
  2936 | D:9      | Reached skill level 11 in Stealth
  2966 | D:9      | Reached XP level 10. HP: 43/46 MP: 26/26
  3019 | D:9      | Found a shattered altar of Ashenzari.
  3044 | D:9      | Found a staircase to the Orcish Mines.
  3203 | D:9      | Noticed a wandering mushroom
  3207 | D:9      | Found a staircase to the Lair.
  3207 | D:9      | Noticed a wandering mushroom
  3209 | D:9      | Killed a wandering mushroom
  3219 | D:9      | Killed a wandering mushroom
  3240 | Lair:1   | Entered Level 1 of the Lair of Beasts
  3358 | Lair:1   | Reached skill level 12 in Stealth
  3372 | Lair:1   | Reached skill level 6 in Dodging
  3379 | Lair:1   | Reached skill level 8 in Short Blades
  3537 | Lair:2   | Reached XP level 11. HP: 23/50 MP: 27/27
  3542 | Lair:2   | Acquired Cheibriados' first power
  3681 | Lair:3   | Reached skill level 7 in Dodging
  3692 | Lair:3   | Reached skill level 13 in Stealth
  3712 | Lair:3   | Reached skill level 9 in Short Blades
  3811 | Lair:3   | Found a staircase to the Snake Pit.
  3891 | Lair:4   | Gained mutation: You possess an exceptional clarity of mind. [potion of beneficial mutation]
  3892 | Lair:4   | yee
  3958 | Lair:4   | Acquired Cheibriados' second power
  3971 | Lair:4   | Learned a level 2 spell: Sublimation of Blood
  4027 | Lair:5   | Reached skill level 1 in Necromancy
  4040 | Lair:5   | Reached skill level 2 in Necromancy
  4190 | Lair:5   | Reached skill level 3 in Necromancy
  4293 | Lair:6   | SNORT
  4300 | Lair:6   | Found a viscous altar of Jiyva.
  4301 | Lair:6   | Found a staircase to the Slime Pits.
  4399 | Lair:6   | Acquired Cheibriados' third power
  4409 | Lair:6   | Reached skill level 4 in Necromancy
  4464 | Lair:6   | Found a labyrinth entrance.
  4482 | Lair:6   | the labyrinth entrance was a mimic.
  4485 | Lair:6   | wow fuck you
  4488 | Lair:6   | Reached skill level 5 in Necromancy
  4543 | Lair:6   | Found a staircase to the Shoals.
  4608 | Lair:7   | Reached skill level 8 in Dodging
  4608 | Lair:7   | Gained mutation: You regenerate. [vine stalker growth]
  4608 | Lair:7   | Reached XP level 12. HP: 54/54 MP: 28/28
  4663 | Lair:8   | Entered Level 8 of the Lair of Beasts
  4720 | Lair:8   | Reached skill level 10 in Short Blades
  4752 | Lair:8   | Noticed a four-headed hydra
  4762 | Lair:8   | Killed a four-headed hydra
  4762 | Lair:8   | Reached skill level 2 in Fighting
  4762 | Lair:8   | Reached skill level 6 in Necromancy
  4778 | Lair:8   | Got a vibrating copper amulet
  4779 | Lair:8   | Identified the amulet of Stit {Inacc Str+4 Dex-2} (You found it on level 8 of the Lair of Beasts)
  4862 | Lair:8   | Reached skill level 3 in Fighting
  4907 | Lair:8   | Noticed a death yak
  4909 | Lair:8   | Noticed a death yak
  4910 | Lair:8   | Noticed a death yak
  4911 | Lair:8   | Noticed a death yak
  4918 | Lair:8   | Noticed a death yak
  4918 | Lair:8   | Noticed a death yak
  4920 | Lair:8   | Killed a death yak
  4924 | Lair:8   | i'm ok with this
  4927 | Lair:8   | Killed a death yak
  4927 | Lair:8   | Reached skill level 1 in Armour
  4931 | Lair:8   | Killed a death yak
  4934 | Lair:8   | Killed a death yak
  4934 | Lair:8   | Reached skill level 2 in Armour
  4934 | Lair:8   | Reached skill level 9 in Dodging
  4937 | Lair:8   | Killed a death yak
  4941 | Lair:8   | Killed a death yak
  4941 | Lair:8   | Reached skill level 3 in Armour
  5029 | Lair:8   | Reached skill level 7 in Necromancy
  5043 | Lair:8   | Noticed a death yak
  5047 | Lair:8   | Noticed a death yak
  5052 | Lair:8   | Killed a death yak
  5052 | Lair:8   | Reached skill level 4 in Fighting
  5058 | Lair:8   | Killed a death yak
  5058 | Lair:8   | Reached XP level 13. HP: 59/63 MP: 29/29
  5060 | Lair:8   | Noticed a death yak
  5065 | Lair:8   | Noticed a death yak
  5065 | Lair:8   | Noticed a death yak
  5066 | Lair:8   | Killed a death yak
  5080 | Lair:8   | Killed a death yak
  5080 | Lair:8   | Reached skill level 5 in Fighting
  5086 | Lair:8   | Killed a death yak
  5093 | Lair:8   | Noticed a deep troll shaman
  5100 | Lair:8   | Killed a deep troll shaman
  5100 | Lair:8   | Reached skill level 8 in Necromancy
  5106 | Lair:8   | Reached skill level 10 in Dodging
  5106 | Lair:8   | Reached skill level 1 in Invocations
  5148 | Lair:8   | Noticed tehnar's ghost (powerful DEAE)
  5163 | Lair:8   | Killed tehnar's ghost
  5166 | Lair:8   | Reached skill level 2 in Invocations
  5292 | Shoals:1 | Entered Level 1 of the Shoals
  5305 | Shoals:1 | Reached skill level 3 in Invocations
  5357 | Shoals:1 | Got an ancient falchion
  5361 | Shoals:1 | Identified the cursed +2 falchion "Diet" {antimagic, -Tele +Inv rElec rF+ SInv} (You found it on level 1 of the Shoals)
  5377 | Shoals:2 | HP: 9/63 [manticore/volley of spikes (8)]
  5383 | Shoals:2 | HP: 5/63 [merfolk aquamancer/shard of ice (6)]
  5388 | Shoals:2 | HP: 3/63 [water elemental (2)]
  5389 | Shoals:2 | HP: 1/63 [sea snake (3)]
  5398 | Shoals:2 | Reached skill level 9 in Necromancy
  5398 | Shoals:2 | HP: 3/63 [manticore/volley of spikes (1)]
  5400 | Shoals:2 | HP: 1/63 [drowned by a water elemental (1)]
  5408 | Shoals:2 | HP: 5/63 [manticore/volley of spikes (1)]
  5415 | Shoals:2 | git gud nerds
  5465 | Shoals:3 | Noticed Rupert
  5486 | Shoals:3 | Killed Rupert
  5486 | Shoals:3 | Reached skill level 4 in Invocations
  5487 | Shoals:3 | RIPert
  5549 | Shoals:3 | Found Kleo's Distillery.
  5551 | Shoals:4 | Noticed Polyphemus
  5556 | Shoals:4 | Noticed a merfolk impaler
  5563 | Shoals:3 | Reached skill level 4 in Armour
  5568 | Shoals:3 | Noticed Mara
  5570 | Shoals:3 | fuk
  5571 | Shoals:3 | Noticed Bloax's illusion
  5587 | Shoals:3 | Noticed a frost giant
  5597 | Shoals:3 | Killed a frost giant
  5597 | Shoals:3 | Reached skill level 5 in Invocations
  5597 | Shoals:3 | Reached XP level 14. HP: 20/68 MP: 30/30
  5604 | Shoals:3 | HP: 16/68 [cyclops/ large rock (6)]
  5619 | Shoals:3 | Reached skill level 11 in Dodging
  5620 | Shoals:3 | HP: 17/68 [cyclops (3)]
  5691 | Shoals:3 | Noticed Bloax's illusion
  5719 | Shoals:4 | Noticed an octopode crusher
  5720 | Shoals:4 | Noticed a merfolk impaler
  5725 | Shoals:4 | HP: 17/68 [octopode crusher (6)]
  5730 | Shoals:4 | HP: 14/68 [octopode crusher (5)]
  5733 | Shoals:4 | Killed a merfolk impaler
  5733 | Shoals:4 | Reached skill level 6 in Invocations
  5734 | Shoals:4 | Killed from afar by an octopode crusher

Vanquished Creatures
  Rupert (Shoals:3)
  A frost giant (Shoals:3)
  The ghost of tehnar the Nimble, a powerful DEAE of Sif Muna (Lair:8)
  A merfolk impaler (Shoals:4)
  A merfolk aquamancer (Shoals:2)
  A hydra (Lair:8)
  12 death yaks
  A deep troll shaman (Lair:8)
  A catoblepas (Lair:8)
  3 sea snakes
  A lindwurm (Lair:8)
  Pikel (D:6)
  A harpy (Shoals:3)
  A griffon (Shoals:3)
  A black mamba (Lair:6)
  2 water nymphs
  7 cyclopes (Shoals:3)
  2 manticores
  A mermaid (Shoals:3)
  9 elephants (Lair:8)
  A feature mimic (Lair:6)
  The ghost of SaintRoka the Sinner, an experienced HOHe of Elyvilon (D:5)
  A torpor snail (Lair:5)
  4 spiny frogs
  2 komodo dragons
  3 wandering mushrooms
  The ghost of Zverius the Skirmisher, an average HOFi of Nemelex Xobeh (D:6)
  A merfolk (Shoals:2)
  2 polar bears (Lair:8)
  An orc warrior (D:9)
  A boulder beetle (Lair:8)
  A wyvern (Lair:8)
  5 water elementals
  28 yaks
  3 snapping turtles
  3 hippogriffs
  A spriggan (D:7)
  2 hungry ghosts
  11 wolves (Lair:8)
  Menkaure (D:4)
  11 water moccasins
  A phantom (D:9)
  4 porcupines
  A black bear (Lair:8)
  An ice beast (D:8)
  An ogre (D:4)
  3 centaurs
  Sigmund (D:7)
  A big kobold (D:7)
  5 crocodiles
  5 giant frogs
  Blork the orc (D:5)
  A troll zombie (D:9)
  A scorpion (D:7)
  9 wights
  A goliath beetle (D:9)
  3 killer bees (D:8)
  A hound (D:5)
  3 crimson imps
  2 orc priests
  2 jellies
  7 orc wizards
  5 iguanas
  A giant frog skeleton (D:9)
  2 worker ants
  8 sheep
  A big kobold zombie (Ossuary)
  An ogre skeleton (D:9)
  3 gnolls (D:7)
  A mummy (Ossuary)
  62 green rats
  13 adders
  2 shadow imps (D:7)
  2 worms
  A giant gecko (D:1)
  An ooze (D:4)
  14 orcs
  A spectral bat (Ossuary)
  A bat skeleton (D:5)
  3 giant cockroaches
  6 gnoll zombies (Ossuary)
  2 hobgoblins
  3 quokkas
  2 ball pythons (D:2)
  8 bats
  A giant gecko skeleton (D:6)
  6 giant newts
  5 goblins
  3 goblin zombies (Ossuary)
  2 hobgoblin zombies (Ossuary)
  4 jackals
  10 kobolds
  4 kobold zombies (Ossuary)
  An orc skeleton (D:6)
  2 orc zombies (Ossuary)
  3 rats
  4 spectral goblins (Ossuary)
  2 spectral kobolds (Ossuary)
  4 spectral rats (Ossuary)
  A fungus (D:9)
  2 plants
384 creatures vanquished.

Vanquished Creatures (collateral kills)
  A giant frog (D:9)
  An orc (D:9)
2 creatures vanquished.

Vanquished Creatures (others)
  3 fungi (Shoals:3)
  3 plants (Shoals:3)
6 creatures vanquished.

Grand Total: 392 creatures vanquished
